 Dungeon Crawl Stone Soup version 0.29-a0-557-g43b9904bd1 (webtiles) character file.

Game seed: 11946185777144969126

24 xian the Skirmisher (level 3, 0/34 HPs)
             Began as a Naga Fighter on June 9, 2022.
             Slain by a gnoll
             ... wielding a +0 halberd
              (12 damage)
             ... on level 2 of the Dungeon.
             The game lasted 00:05:38 (1395 turns).

xian the Skirmisher (Naga Fighter)                  Turns: 1395, Time: 00:05:38

Health: 0/34       AC:  5    Str: 20    XL:     3   Next: 2%
Magic:  3/3        EV:  7    Int:  8    God:
Gold:   114        SH:  0    Dex: 10    Spells: 2/2 levels left

rFire   . . .      SeeInvis +   k - +4 quarterstaff
rCold   . . .      Faith    .   (shield currently unavailable)
rNeg    . . .      Spirit   .   b - +0 scale mail
rPois   +          Reflect  .   (no helmet)
rElec   .          Harm     .   (no cloak)
rCorr   .          Rampage  .   i - +0 pair of gloves
Will    .....                   (no barding)
Stlth   ..........              (no amulet)
HPRegen 0.11/turn               (no ring)
MPRegen 0.08/turn               (no ring)

@: short of breath, very slow
A: AC +1, large, see invisible, deformed body, poison resistance, slowness 2,
spit poison 1, naga tail 1
a: Spit Poison


You were on level 2 of the Dungeon.
You visited 1 branch of the dungeon, and saw 2 of its levels.

You collected 114 gold pieces.

Inventory:

Hand Weapons
 a - a +0 long sword
 k - a +4 quarterstaff (weapon)
Missiles
 e - 2 poisoned darts
 g - 6 silver javelins
Armour
 b - a +0 scale mail (worn)
 c - a +0 buckler
 i - a +0 pair of gloves (worn)
Scrolls
 l - a scroll of fog
Potions
 d - a potion of might
 f - a potion of invisibility
 h - 2 potions of heal wounds
 j - a potion of curing
 m - a potion of brilliance {unknown}


   Skills:
 + Level 3.1 Fighting
 + Level 2.2 Long Blades
 + Level 3.0 Armour
 + Level 1.0 Stealth
 + Level 2.7 Shields


You had 2 spell levels left.
You didn't know any spells.
Your spell library was empty.

Dungeon Overview and Level Annotations

Branches:
Dungeon (2/15)

Altars:

Shops:
D:1 (


Innate Abilities, Weirdness & Mutations

Your serpentine skin is tough. (AC +1)
You have supernaturally acute eyesight. (SInv)
Armour fits poorly on your strangely shaped body.
Your system is resistant to poisons. (rPois)
You cover ground very slowly.
You can spit poison.
You have a snake-like lower body.


Message History

You have got your breath back.
The bat hits you. x2
You barely miss the bat. The bat hits you but does no damage. x2
You hit the bat.
You kill the bat!
Unknown command.
HP restored.
Found a pair of gloves.
You see here a +0 pair of gloves.
There is a stone staircase leading down here.
There is a stone staircase leading down here.
l - a scroll of fog A gnoll comes into view.
It is wielding a +0 spear.
The gnoll shouts!
You can't see any hostile targets in range. 2 gnolls come into view.
The gnoll shouts!
You hear a shout!
A gnoll comes into view. It is wielding a +0 halberd.
The splash of poison misses the gnoll.
The gnoll hits you but does no damage. The gnoll barely misses you.
The gnoll closely misses you.
You have got your breath back.
The gnoll hits you from afar with a +0 spear.
The splash of poison hits the gnoll but does no damage.
The gnoll is poisoned.
The gnoll hits you from afar with a +0 spear.
Unknown command.
The gnoll hits you from afar with a +0 halberd!
The gnoll hits you with a +0 spear.
The gnoll hits you from afar with a +0 spear.
You hit the gnoll.
The gnoll is moderately wounded.
The gnoll closely misses you.
The gnoll hits you from afar with a +0 spear.
The gnoll barely misses you.
You sock the gnoll!
You kill the gnoll!
The gnoll barely misses you. x2
The gnoll hits you from afar with a +0 halberd!
You die...

#.# #.....# #.#
#.....# #.#
#.....# #.#
####### #.# #.#
#.######
#......######
#.###...@)gg#
#.###..###g.####.
#...#..#.........#
#.#......#..######
#.###.......#
#...........#
#############


You could see 3 gnolls.

Vanquished Creatures
  A gnoll (D:2)
  An adder (D:2)
  An endoplasm (D:1)
  A giant cockroach (D:2)
  A goblin (D:1)
  3 hobgoblins (D:1)
  3 ball pythons (D:1)
  A bat (D:2)
  3 frilled lizards
  A kobold (D:1)
  A rat (D:1)
17 creatures vanquished.

Notes
Turn   | Place    | Note
-------+----------+-------------------------------------------
     0 | D:1      | xian the Naga Fighter began the quest for the Orb.
     0 | D:1      | Reached XP level 1. HP: 21/21 MP: 1/1
   461 | D:1      | Reached XP level 2. HP: 28/28 MP: 2/2
   483 | D:1      | Found Akynil's Weapon Boutique.
  1050 | D:2      | Reached skill level 1 in Stealth
  1050 | D:2      | Reached XP level 3. HP: 34/34 MP: 3/3
  1395 | D:2      | Slain by a gnoll

Illustrated notes

Levels and vault maps discovered:
D:1:      minmay_arrival_widening_spiral_wide, layout_rooms, serial_shops,
          nicolae_shop_hallway_stairs
D:2:      layout_loops_cross, basic_ecumenical_altar, kennysheep_generic_room_8,
          uniq_crazy_yiuf_cottage

Skill      XL: |  1  2 |
---------------+-------+-----
Armour         | 3 |  3.0
Stealth        | 1 |  1.0
Fighting       | |  3.1
Long Blades    | |  2.2
Shields        | |  2.7

Action                   || total
-------------------------++-------
Melee: Long sword        ||    31
       Quarterstaff      ||     5
 Abil: Spit Poison       ||    16
  Use: Scroll            ||     7
Armor: Scale mail        ||    24
Dodge: Dodged            ||    16
Block: Buckler           ||     3

Table legend: (Time is in decaauts)
 A = Elapsed time spent in this place.
 B = Non-inter-level travel time spent in this place.
 C = Inter-level travel time spent in this place.
 D = Time resting spent in this place.
 E = Time spent auto-exploring this place.
 F = Levels seen in this place.
 G = Mean time per level.
                   A        B        C        D        E       F      G
               +--------+--------+--------+--------+--------+-----+--------+
         Total |   1773 |   1747 |     26 |    209 |   1101 |   2 |  886.5 |
       Dungeon |   1773 |   1747 |     26 |    209 |   1101 |   2 |  886.5 |
               +--------+--------+--------+--------+--------+-----+--------+

Top non-repeatable levels by time:
     D:1: 1076 daAuts
     D:2: 697 daAuts
